 Dungeon Crawl Stone Soup version 0.19-a0-1021-g80cc50c (webtiles) character file.

2 penismuncher the Digger (level 1, 0/12 HPs)
             Began as an Octopode Wanderer on July 27, 2016.
             Slain by a jackal (2 damage)
             ... on level 1 of the Dungeon.
             The game lasted 00:00:24 (110 turns).

penismuncher the Digger (Octopode Wanderer)          Turns: 110, Time: 00:00:25

Health: 0/12       AC:  1    Str: 14    XL:     1   Next: 40%
Magic:  0/3        EV: 11    Int: 18    God:
Gold:   17         SH:  0    Dex:  9    Spells: 1 memorised, 3 levels left

rFire  . . .     SeeInvis .     (no weapon)
rCold  . . .     Gourm    .     (no shield)
rNeg   . . .     Faith    .     (helmet restricted)
rPois  .         Spirit   .     (no amulet)
rElec  .         Dismiss  .     (no ring)
rCorr  .         Reflect  .     (no ring)
SustAt .         Harm     .     (no ring)
MR     .....                    (no ring)
Stlth  +++.......               (no ring)
                                (no ring)
                                (no ring)
                                (no ring)

@: brilliant, not resistant to hostile enchantments, fairly stealthy
A: almost no armour, amphibious, 8 rings, constrict 8, camouflage 1, gelatinous
body 1
a: no special abilities


You were on level 1 of the Dungeon.
You were not hungry.

You visited 1 branch of the dungeon, and saw 1 of its levels.

You collected 17 gold pieces.

Inventory:

Books
 a - a book of Flames

   Spells                             Type                      Level
   a - Flame Tongue                   Conjuration/Fire             1
   b - Throw Flame                    Conjuration/Fire             2
   c - Conjure Flame                  Conjuration/Fire             3
   d - Inner Flame                    Hexes/Fire                   3
   e - Sticky Flame                   Conjuration/Fire             4
   f - Fireball                       Conjuration/Fire             5
 b - the Grimoire of Enhancements

   Spells                             Type                      Level
   a - Infusion                       Charms                       1
   b - Spectral Weapon                Hexes/Charms                 3
 c - Sawuaddy's Tome of Clay

   Spells                             Type                      Level
   a - Sandblast                      Earth                        1
   b - Stone Arrow                    Conjuration/Earth            3
Comestibles
 f - a bread ration


   Skills:
 - Level 0.4 Fighting
 - Level 1.0 Throwing
 - Level 1.3 Stealth
 + Level 0.4 Unarmed Combat
 - Level 2.0 Spellcasting
   Level 2.0 Fire Magic
 - Level 3.0 Earth Magic
   Level 1.2 Poison Magic


You had 3 spell levels left.
You knew the following spells:

 Your Spells              Type           Power        Failure   Level  Hunger
a - Sandblast             Erth           ###...       1%          1    #......


Dungeon Overview and Level Annotations

Branches:
Dungeon (1/15)

Altars:


Innate Abilities, Weirdness & Mutations

You cannot wear most types of armour.
You are amphibious.
You can wear up to eight rings at the same time.
You can use your tentacles to constrict eight enemies at once.
Your skin changes colour to match your surroundings (Stealth+).
Your rubbery body absorbs attacks. (AC +1)


Message History

You barely miss the jackal. You grab the jackal.
The jackal is heavily wounded.
You constrict the jackal, but do no damage.
The jackal bites you but does no damage.
You tentacle-slap the jackal.
The jackal is severely wounded.
You constrict the jackal.
You kill the jackal!
The jackal bites you.
You tentacle-slap the jackal but do no damage.
Your grab misses the jackal. The jackal bites you.
You closely miss the jackal. Your grab misses the jackal. The jackal bites you.
* * * LOW HITPOINT WARNING * * *
The jackal closely misses you.
You are too injured to fight recklessly!
You are too injured to fight recklessly!
It was a potion of brilliance.
You feel clever all of a sudden. The jackal barely misses you.
The jackal bites you.
You die...

.. .......
...#####...#.##
...............
.........%.#
...........#
.######.####
#.....†.h#
#.#.#.##h#
#.#....#@#
#.#.#..#.#
#.#.#..#.#
#.#......#
#.#......# #.#
#.#......#.#..
#.#......#....
#.#.#.........
#...#..#.....#


You could see 2 jackals.

Vanquished Creatures
  A jackal (D:1)
  A bat (D:1)
  A giant newt (D:1)
3 creatures vanquished.

Notes
Turn   | Place    | Note
-------+----------+-------------------------------------------
     0 | D:1      | penismuncher the Octopode Wanderer began the quest for the Orb.
     0 | D:1      | penismuncher set off with: a book of Flames, the Grimoire of Enhancements, Sawuaddy's Tome of Clay, a +0 club, a bread ration
     0 | D:1      | Reached XP level 1. HP: 11/11 MP: 3/3
     1 | D:1      | Identified the Grimoire of Enhancements
     1 | D:1      | Identified Sawuaddy's Tome of Clay
     3 | D:1      | Learned a level 1 spell: Sandblast
   110 | D:1      | Slain by a jackal

Vault maps used:
D:1:      dpeg_arrival_windows_large_door, serial_park_tiny_2

Action                   || total
-------------------------++-------
Melee: Unarmed           ||     8
       Constrict         ||     2
 Cast: Sandblast         ||     5
  Use: Potion            ||     1
Armor: Skin              ||     1
Dodge: Dodged            ||     9
